 Dungeon Crawl Stone Soup version 0.23-a0-642-g3120c2f5a9 (webtiles) character file.

1735 HereIgoKillingAgain the Changer (level 8, -1/54 HPs)
             Began as a Demonspawn Transmuter on Dec 31, 2018.
             Was a Follower of Uskayaw.
             Slain by a wyvern (14 damage)
             ... on level 5 of the Dungeon.
             The game lasted 00:09:30 (6676 turns).

HereIgoKillingAgain the Changer (DsTm)              Turns: 6676, Time: 00:09:31

Health: -1/54      AC:  3    Str: 12    XL:     8   Next: 76%
Magic:  1/12       EV: 12    Int: 15    God:    Uskayaw [*.....]
Gold:   272        SH:  4    Dex: 14    Spells: 1/11 levels left

rFire    . . .     SeeInvis .     - Unarmed
rCold    + . .     Gourm    .   (shield currently unavailable)
rNeg     . . .     Faith    .   b - +0 robe
rPois    .         Spirit   .   (helmet restricted)
rElec    .         Reflect  +   k - +0 cloak
rCorr    .         Harm     .   (gloves currently unavailable)
MR       .....                  (no boots)
Stlth    +.........             g - +4 amulet of reflection
HPRegen  0.18/turn              e - ring of wizardry
MPRegen  0.13/turn              (no ring)

@: about to teleport, blade hands, very slightly contaminated
A: antennae 2, cold resistance 1, spiny 1
a: End Transformation, Stomp, Renounce Religion


You were on level 5 of the Dungeon.
You worshipped Uskayaw.
Uskayaw was noncommittal.
You were not hungry.
You had blades for hands.
You visited 1 branch of the dungeon, and saw 5 of its levels.
You also visited: Sewer.

You collected 272 gold pieces.

Inventory:

Missiles
 a - 108 arrows
Armour
 b - a +0 robe (worn)
 k - a +0 cloak (worn)
 q - a +1 pair of gloves (melded)
Jewellery
 e - a ring of wizardry (left scythe-like blade)
 g - a +4 amulet of reflection (around neck)
Scrolls
 f - a scroll of teleportation
 i - 2 scrolls of enchant weapon
 j - 2 scrolls of magic mapping
 m - 4 scrolls of identify
 n - 3 scrolls of random uselessness {unknown}
 o - a scroll of fog {unknown}
 p - 2 scrolls of remove curse
 t - 2 scrolls of enchant armour {unknown}
Potions
 c - a potion of flight {unknown}
 h - 2 potions of curing {unknown}
 l - 2 potions of resistance {unknown}
 r - a potion of brilliance
 s - a potion of degeneration {unknown}
 v - a potion of lignification {unknown}
Comestibles
 d - 12 rations


   Skills:
 - Level 1.0 Fighting
 - Level 1.7 Dodging
 + Level 5.9 Unarmed Combat
 - Level 2.0 Spellcasting
 * Level 7.7 Transmutations
 + Level 6.6 Invocations


You had one spell level left.
You knew the following spells:

 Your Spells              Type           Power        Failure   Level  Hunger
a - Blade Hands           Tmut           ###.......   36%         5    ######.
b - Sticks to Snakes      Tmut           ###.....     7%          2    ###....
c - Spider Form           Tmut/Pois      ##........   26%         3    ###....

Your spell library contained the following spells:

 Spells                   Type           Power        Failure   Level  Hunger
 Beastly Appendage        Tmut           ###...       6%          1    #......
 Ice Form                 Ice/Tmut       ##......     47%         4    #####..


Dungeon Overview and Level Annotations

Branches:
Dungeon (5/15)             Temple (0/1) D:5

Altars:
Uskayaw

Annotations:
D:5 marsu's ghost, novice OgAE


Innate Abilities, Weirdness & Mutations

You have a pair of antennae on your head.
Your flesh is cold resistant. (rC+)
You are partially covered in sharp spines.


Message History

The wyvern is struck by your spines. The wyvern bites you!
Marsu's ghost waves its arms in wide circles.
The air twists around and strikes you! The wyvern bites you!
Unknown command.
You hit the wyvern.
The wyvern is lightly wounded.
The wyvern bites you!
* * * LOW HITPOINT WARNING * * *
Unknown command.
You slash the wyvern! Your slash misses the wyvern.
The wyvern is moderately wounded.
The wyvern bites you.
* * * LOW HITPOINT WARNING * * *
Unknown command.
Unknown command.
Okay, then.
As you read the scroll of teleportation, it crumbles to dust.
You feel strangely unstable. The wyvern is struck by your spines.
The wyvern bites you!
You die...

.......# ###...##
#.. .##.##.#
#######.## ######..
#.##.#### #.......#
#....... #.......#
#.####..# #.#####.
####.##.####.#.....#
##.#####.
#.##........##.##
#........
..#######.######
#..#####. ####
#.#.#§§ #..#####.
#..@lW§ ####........
###.#§§ #....#######
##### #....# #.
#...## #. ##.## ###.
#.# #... #.# #...
#.## #..[ #..# #...


You could see a wyvern and marsu's ghost.

Vanquished Creatures
  Menkaure (D:5)
  2 ice beasts
  A centaur (D:5)
  8 big kobolds (Sewer)
  2 crimson imps
  3 orc priests
  A hound (D:4)
  2 orc wizards (D:3)
  An iguana (D:3)
  6 worker ants
  A hound skeleton (D:4)
  A howler monkey skeleton (D:4)
  4 gnolls (D:5)
  11 adders
  4 river rats
  2 oozes (Sewer)
  5 worms
  3 dart slugs
  6 leopard geckos
  16 orcs
  7 ball pythons
  14 giant cockroaches
  6 goblins
  11 hobgoblins
  13 jackals
  A quokka (D:4)
  7 bats
  4 frilled lizards
  17 kobolds
  A leopard gecko skeleton (D:5)
  A quokka skeleton (D:4)
  11 rats
173 creatures vanquished.

Notes
Turn   | Place    | Note
-------+----------+-------------------------------------------
     0 | D:1      | HereIgoKillingAgain the Demonspawn Transmuter began the
                  | quest for the Orb.
     0 | D:1      | Reached XP level 1. HP: 15/15 MP: 3/3
    64 | D:1      | Reached skill level 2 in Transmutations
   149 | D:1      | Gained mutation: Your flesh is cold resistant. (rC+)
                  | [demonic ancestry]
   149 | D:1      | Reached XP level 2. HP: 1/21 MP: 3/5
  1036 | D:1      | Learned a level 2 spell: Sticks to Snakes
  1521 | D:2      | Noticed a crimson imp
  1874 | D:2      | Reached XP level 3. HP: 22/26 MP: 4/6
  1888 | D:2      | Learned a level 3 spell: Spider Form
  1901 | D:2      | Reached skill level 3 in Transmutations
  2235 | D:2      | Reached XP level 4. HP: 28/32 MP: 0/7
  2342 | D:2      | Found a hide-covered altar of Uskayaw.
  2626 | D:2      | Became a worshipper of Uskayaw the Reveler
  2643 | D:3      | Reached * piety under Uskayaw
  2648 | D:3      | Reached ** piety under Uskayaw
  2789 | D:3      | Reached skill level 4 in Transmutations
  2789 | D:3      | Reached skill level 1 in Invocations
  2789 | D:3      | Gained mutation: You are partially covered in sharp spines.
                  | [demonic ancestry]
  2789 | D:3      | Reached XP level 5. HP: 23/37 MP: 5/8
  2837 | D:3      | Found a glowing drain.
  2854 | Sewer    | Entered a sewer
  3666 | Sewer    | Gained mutation: You have a pair of small antennae on your
                  | head. [demonic ancestry]
  3666 | Sewer    | Reached XP level 6. HP: 23/43 MP: 6/9
  3750 | Sewer    | Reached skill level 5 in Transmutations
  3965 | Sewer    | Reached XP level 7. HP: 44/48 MP: 7/10
  4112 | Sewer    | Reached skill level 6 in Transmutations
  4371 | Sewer    | Learned a level 5 spell: Blade Hands
  4610 | D:3      | Reached skill level 5 in Unarmed Combat
  4618 | D:3      | Reached *** piety under Uskayaw
  5032 | D:4      | Reached skill level 5 in Invocations
  5085 | D:4      | Gained mutation: You have a pair of antennae on your head.
                  | [demonic ancestry]
  5085 | D:4      | Reached XP level 8. HP: 39/54 MP: 7/11
  5758 | D:5      | Entered Level 5 of the Dungeon
  5888 | D:5      | Reached skill level 7 in Transmutations
  6476 | D:5      | Noticed Menkaure
  6490 | D:5      | Killed Menkaure
  6642 | D:5      | Found a staircase to the Ecumenical Temple.
  6660 | D:5      | Found a runed door.
  6662 | D:5      | Noticed marsu's ghost (novice OgAE)
  6676 | D:5      | Slain by a wyvern

Vault maps used:
D:1:      shiori_arrival_oz
D:2:      kb_forest_paths, lemuel_crystal_altar, first_ration
D:3:      minmay_roachtagon, lightli_sewer_entry_pipes
D:5:      minmay_temple_entry_proselytizer, ebering_ghost_inner_flame,
          uniq_menkaure
Sewer:    sewer_co_tree

Skill      XL: |  1  2  3  4  5  6  7  8 |
---------------+-------------------------+-----
Transmutations | 2 3 4 5 6 7 |  7.7
Unarmed Combat | 3 4 5 |  5.9
Invocations    | 1 2 3 5 6 |  6.6
Fighting       | |  1.0
Dodging        | |  1.7
Spellcasting   | |  2.0

Action                   |  1- 3 |  4- 6 |  7- 9 || total
-------------------------+-------+-------+-------++-------
Melee: Unarmed           |   139 |   161 |   235 ||   535
       Headbutt          |     6 |       |       ||     6
       Kick              |     4 |     3 |       ||     7
       Punch             |     2 |     1 |       ||     3
 Cast: Beastly Appendage |     7 |     2 |       ||     9
       Sticks to Snakes  |     3 |       |     1 ||     4
       Spider Form       |     8 |    13 |    30 ||    51
       Blade Hands       |       |       |     3 ||     3
  Use: Potion            |     1 |     2 |     2 ||     5
       Scroll            |     2 |     2 |     4 ||     8
 Stab: Sleeping          |     3 |     1 |       ||     4
       Paralysed         |       |       |     2 ||     2
  Eat: Ration            |     2 |     2 |     3 ||     7
       Chunk             |     1 |       |     4 ||     5
Armor: Robe              |    24 |     6 |     9 ||    39
       Skin              |       |     2 |     6 ||     8
Dodge: Dodged            |    87 |    91 |   163 ||   341
Block: Other             |       |    26 |    27 ||    53
       Reflection        |       |     1 |     2 ||     3

Table legend:
 A = Non-vault XP
 B = Vault XP
 C = Vault XP percentage of total XP
 D = Non-vault monster count
 E = Vault monster count
 F = Vault count percentage of total count
                 A         B        C        D         E       F
            +---------+---------+-------+---------+---------+-------
      Total |    1286 |    1193 |  48.1 |     118 |      55 |  31.8
            +---------+---------+-------+---------+---------+-------
        D:1 |      32 |       4 |  11.1 |      22 |       2 |   8.3
        D:2 |      93 |      22 |  19.1 |      17 |       6 |  26.1
        D:3 |     229 |      74 |  24.4 |      30 |      17 |  36.2
        D:4 |     400 |       0 |   0.0 |      20 |       0 |   0.0
        D:5 |     532 |     210 |  28.3 |      29 |       2 |   6.5
      Sewer |       0 |     883 | 100.0 |       0 |      28 | 100.0
            +---------+---------+-------+---------+---------+-------
